 Dungeon Crawl Stone Soup version 0.24.0-123-gd5b16e6ec5 (webtiles) character file.

Game seed: 8815185464138962300, levelgen mode: deterministic

6174 Bergy the Basher (level 10, -1/57 HPs)
             Began as a Gargoyle Fighter on Jan 3, 2020.
             Was a Priest of Makhleb.
             Engulfed by Erica's flame (5 damage)
             ... on level 9 of the Dungeon.
             The game lasted 00:27:06 (8648 turns).

Bergy the Basher (Gargoyle Fighter)                 Turns: 8648, Time: 00:27:07

Health: -1/57      AC: 26    Str: 24    XL:     10   Next: 91%
Magic:  10/10      EV:  8    Int:  8    God:    Makhleb [***...]
Gold:   1272       SH: 11    Dex:  9    Spells: 9/9 levels left

rFire    . . .     SeeInvis .   t - +2 whip (elec)
rCold    . . .     Gourm    +   c - +0 shield
rNeg     + + .     Faith    .   b - +0 scale mail
rPois    ∞         Spirit   .   m - +2 helmet
rElec    +         Reflect  .   v - +2 cloak
rCorr    .         Harm     .   a - +1 pair of gloves
MR       .....                  w - +2 pair of boots
Stlth    ..........             u - amulet of the gourmand
HPRegen  0.19/turn              H - ring of positive energy
MPRegen  0.12/turn              (no ring)

@: no status effects
A: negative energy resistance 1, electricity resistance, unbreathing,
petrification resistance, rot immunity, AC +7
a: Minor Destruction, Lesser Servant of Makhleb, Renounce Religion


You were on level 9 of the Dungeon.
You worshipped Makhleb.
Makhleb was most pleased with you.
You were full.

You visited 2 branches of the dungeon, and saw 10 of its levels.
You also visited: Bailey.

You collected 1272 gold pieces.

Inventory:

Hand Weapons
 h - a +2 flail of crushing
 t - a +2 whip of electrocution (weapon)
 N - a +2 whip of flaming
Armour
 a - a +1 pair of gloves (worn)
 b - a +0 scale mail (worn)
 c - a +0 shield (worn)
 m - a +2 helmet (worn)
 q - a +0 large shield
 v - a +2 cloak (worn)
 w - a +2 pair of boots (worn)
 z - a +0 plate armour
Jewellery
 u - an amulet of the gourmand (around neck)
 F - a +5 amulet of reflection {unknown}
 H - a ring of positive energy (left hand)
Wands
 k - a wand of acid (8)
 p - a wand of random effects (23)
 s - a wand of flame (29)
 y - a wand of iceblast (18)
 E - a wand of paralysis (12)
Scrolls
 e - 2 scrolls of identify
 g - 2 scrolls of immolation
 i - 6 scrolls of teleportation
 l - 3 scrolls of remove curse
 n - a scroll of fog {unknown}
 o - 3 scrolls of enchant weapon
 x - 2 scrolls of fear
 A - a scroll of brand weapon {unknown}
 B - a scroll of magic mapping {unknown}
 C - 2 scrolls of noise {unknown}
 I - a scroll of random uselessness {unknown}
 L - a scroll of silence {unknown}
 M - a scroll of summoning {unknown}
 O - a scroll of vulnerability {unknown}
Potions
 d - 2 potions of heal wounds
 j - a potion of curing
 r - a potion of invisibility {unknown}
 D - 4 potions of flight {unknown}
 G - a potion of might
 K - a potion of agility {unknown}
 P - a potion of brilliance
Miscellaneous
 J - a lamp of fire
Comestibles
 f - 16 rations


   Skills:
 - Level 4.2 Fighting
 - Level 14.0 Maces & Flails
 + Level 4.7 Armour
 * Level 7.2 Shields
 + Level 0.1 Invocations


You had 9 spell levels left.
You didn't know any spells.
Your spell library contained the following spells:

 Spells                   Type           Power        Failure   Level  Hunger
 Animate Skeleton         Necr           N/A          95%         1    ##.....
 Pain                     Necr           #...         95%         1    ##.....
 Regeneration             Chrm/Necr      #.........   100%        3    ####...
 Vampiric Draining        Necr           #.........   100%        3    ####...
 Animate Dead             Necr           N/A          100%        4    #####..


Dungeon Overview and Level Annotations

Branches:
Dungeon (9/15)             Temple (1/1) D:5          Bailey (visited)
   Lair: D:8-11         Orc: D:9-12

Altars:
Ashenzari
Cheibriados
Dithmenos
Elyvilon
Fedhas
Gozag
Hepliaklqana
Kikubaaqudgha
Makhleb
Nemelex Xobeh
Okawaru
Qazlal
Ru
Sif Muna
Trog
Uskayaw
Vehumet
Wu Jian
Xom
Yredelemnul
Zin
The Shining One

Annotations:
D:9 Erica


Innate Abilities, Weirdness & Mutations

You are resistant to torment.
Your stone body is resilient. (AC +7)
You are immune to poison.
You resist negative energy. (rN+)
You are resistant to electric shocks. (rElec)
You can survive without breathing.
You are immune to petrification.
You are immune to rotting.


Message History

You hear a zap.
Something creates a blast of flame!
You are engulfed in blazing flames.
You hear a zap.
Something creates a blast of freezing vapour!
You are engulfed in blazing flames.
You hear some strange, mumbled words.
An orb of energy appears from out of thin air!
You block the orb of energy.
The orb of energy explodes!
You are engulfed in blazing flames.
You are engulfed in blazing flames.
You hear some strange, mumbled words.
An orb of energy appears from out of thin air!
The orb of energy hits you.
The orb of energy explodes!
You are engulfed in blazing flames.
* * * LOW HITPOINT WARNING * * *
You hear a zap.
Something creates a blast of freezing vapour!
You miss something.
You are engulfed in blazing flames.
You die...

#############
.)....{.#...# ####
#######○#.#.# #..
#°#.#.# #.# #.#.#.#
###.#############.#.#.#
............§§§§@..>#.#
..#.#####.#######...#.#
....................#.#
P....###...##########.#
.P......<.............#
.PP...###..############
#...P..............#
+.....#....#######.#
#P.........# #.#


There were no monsters in sight!

Vanquished Creatures
  Pikel (D:4)
  Prince Ribbit (D:9)
  Sigmund (D:2)
  7 yaks (D:9)
  Eustachio (D:6)
  A hungry ghost (D:8)
  Edmund (D:4)
  An ice beast (D:6)
  2 orc warriors
  2 black bears
  2 phantoms
  4 ogres
  A centaur (D:8)
  A bullfrog (D:6)
  Blork the orc (D:6)
  8 gnoll sergeants (Bailey)
  A wyvern zombie (D:7)
  2 scorpions
  4 killer bees (D:8)
  2 howler monkeys
  2 quasits (D:8)
  Crazy Yiuf (D:2)
  A centaur skeleton (D:4)
  5 hounds
  2 jellies
  6 gnoll shamans (Bailey)
  5 orc priests
  7 orc wizards
  A bullfrog skeleton (D:8)
  Jessica (D:2)
  3 iguanas
  2 worker ants
  A hound zombie (D:7)
  A hound skeleton (D:8)
  A howler monkey zombie (D:9)
  2 worker ant zombies (D:8)
  20 gnolls
  9 adders
  A shadow imp (D:8)
  An ooze (D:2)
  An adder skeleton (D:2)
  An adder zombie (D:9)
  4 leopard geckos
  21 orcs
  6 giant cockroaches
  7 goblins
  7 hobgoblins
  13 jackals
  3 quokkas
  A ball python (D:4)
  3 bats
  2 frilled lizards
  A jackal skeleton (D:7)
  6 kobolds
  A quokka skeleton (D:7)
  5 rats
  A fungus (D:2)
199 creatures vanquished.

Vanquished Creatures (collateral kills)
  Harold (D:9)
  A black bear (D:9)
  A big kobold (D:9)
  2 scorpions (D:9)
  A crimson imp (D:9)
  3 kobolds (D:9)
9 creatures vanquished.

Vanquished Creatures (others)
  A howler monkey (D:4)
  A hound (D:4)
  A giant cockroach (D:4)
3 creatures vanquished.

Grand Total: 211 creatures vanquished

Notes
Turn   | Place    | Note
-------+----------+-------------------------------------------
     0 | D:1      | Bergy the Gargoyle Fighter began the quest for the Orb.
     0 | D:1      | Reached XP level 1. HP: 14/14 MP: 1/1
   159 | D:1      | Reached XP level 2. HP: 18/19 MP: 2/2
   184 | D:1      | Reached skill level 3 in Maces & Flails
   769 | D:1      | Reached XP level 3. HP: 21/23 MP: 3/3
   900 | D:2      | Noticed Sigmund
  1082 | D:2      | Reached skill level 4 in Maces & Flails
  1258 | D:2      | Found a shattered altar of Ashenzari.
  1336 | D:2      | Killed Sigmund
  1336 | D:2      | Reached skill level 5 in Maces & Flails
  1336 | D:2      | Reached XP level 4. HP: 28/28 MP: 4/4
  1336 | D:2      | Reached XP level 5. HP: 32/32 MP: 5/5
  1521 | D:2      | Noticed Jessica
  1523 | D:2      | Killed Jessica
  1523 | D:2      | Reached skill level 6 in Maces & Flails
  1523 | D:2      | Reached XP level 6. HP: 35/37 MP: 6/6
  2073 | D:2      | Found a runed translucent door.
  2074 | D:2      | Noticed Crazy Yiuf
  2087 | D:2      | Killed Crazy Yiuf
  3042 | D:4      | Reached skill level 7 in Maces & Flails
  3153 | D:4      | Noticed Pikel
  3153 | D:4      | Noticed a slave
  3189 | D:4      | Noticed a slave
  3193 | D:4      | Killed Pikel
  3193 | D:4      | Reached skill level 8 in Maces & Flails
  3193 | D:4      | Reached XP level 7. HP: 37/41 MP: 7/7
  3215 | D:4      | Reached skill level 9 in Maces & Flails
  3215 | D:4      | Reached XP level 8. HP: 38/46 MP: 8/8
  3722 | D:4      | Noticed Edmund
  3735 | D:4      | Killed Edmund
  3752 | D:4      | Reached skill level 10 in Maces & Flails
  4125 | D:5      | Entered Level 5 of the Dungeon
  4551 | D:5      | Found a staircase to the Ecumenical Temple.
  4589 | Temple   | Entered the Ecumenical Temple
  4741 | Temple   | Became a worshipper of Makhleb the Destroyer
  4913 | D:5      | Reached skill level 11 in Maces & Flails
  5399 | D:6      | Reached XP level 9. HP: 51/51 MP: 9/9
  5577 | D:6      | Noticed Eustachio
  5584 | D:6      | Reached skill level 12 in Maces & Flails
  5619 | D:6      | Killed Eustachio
  5846 | D:6      | Noticed Blork the orc
  5866 | D:6      | Killed Blork the orc
  6314 | D:7      | Reached * piety under Makhleb
  6998 | D:8      | Reached skill level 13 in Maces & Flails
  7039 | D:8      | Reached ** piety under Makhleb
  7109 | D:8      | Found a flagged portal.
  7127 | Bailey   | Entered a bailey
  7140 | Bailey   | Reached XP level 10. HP: 47/56 MP: 10/10
  7407 | Bailey   | Reached skill level 14 in Maces & Flails
  7893 | D:8      | Reached *** piety under Makhleb
  8032 | D:9      | Reached skill level 5 in Shields
  8240 | D:9      | Noticed Prince Ribbit
  8250 | D:9      | Killed Prince Ribbit
  8394 | D:9      | Noticed Harold
  8428 | D:9      | Killed Harold
  8617 | D:9      | Noticed Erica
  8648 | D:9      | Engulfed by Erica's flame

Levels and vault maps discovered:
D:1:      ncdulo_lavacross, layout_basic
D:2:      layout_basic, ashenzari_altar_1, chequers_big_river, uniq_jessica,
          uniq_sigmund, uniq_crazy_yiuf_cottage
D:3:      layout_basic
D:4:      black_bear_nest_1, layout_basic, first_ration, uniq_pikel, uniq_edmund
D:5:      layout_basic, temple_pool_b
D:6:      layout_basic, hangedman_decor_riveting, uniq_eustachio,
          uniq_blork_the_orc
D:7:      layout_rooms
D:8:      layout_rooms, enter_bailey_3
D:9:      layout_basic, grunt_lair_entry_orc_guard_hut, uniq_erica, uniq_harold,
          uniq_prince_ribbit1
Temple:   kilobyte_greek_temple

Skill      XL: |  1  2  3  4  5  6  7  8  9 10 |
---------------+-------------------------------+-----
Maces & Flails | 3 5 6 8 9 11 13 14 | 14.0
Shields        | 7 |  7.2
Fighting       | 4 |  4.2
Armour         | 4 |  4.7
Invocations    | |  0.1

Action                   |  1- 3 |  4- 6 |  7- 9 | 10-12 || total
-------------------------+-------+-------+-------+-------++-------
Melee: Flail             |    89 |    99 |    53 |       ||   241
       Whip              |       |       |   351 |   252 ||   603
Invok: Lesser Servant of |       |       |       |     1 ||     1
  Use: Potion            |     1 |       |     1 |     2 ||     4
       Scroll            |       |     6 |     5 |     2 ||    13
 Stab: Distracted        |       |       |       |     1 ||     1
  Eat: Chunk             |     1 |     3 |    24 |     3 ||    31
       Ration            |       |     1 |     1 |       ||     2
Armor: Scale mail        |    49 |    47 |   143 |   126 ||   365
Dodge: Dodged            |    43 |    23 |    78 |    48 ||   192
Block: Shield            |    70 |    37 |   131 |    91 ||   329
